AoeStats
← skelting

Arabia

507708324Analyzed
1v1 RM · 13d ago on Sep 19, 2026· 44m 44s· 2 players
Game mode
Random Map
Map size
Tiny (2 player)
Population
200
Speed
Normal
Resources
Standard
Victory
Conquest
Starting age
Dark Age
Ending age
Imperial Age
RankedLock teamsTeams togetherTeam positionsShared explorationLock speedFull tech treeHidden civsTurbo modeCheats
Victory
Defeat
🇺🇸 Tatars · United States
1164
+15
🇱🇧 Spanish · Lebanon
1145
-15
Heizenberg
11:04 Feudal Age
9:20 Loom
18:18 Castle Age
22:43 Husbandry
32:40 Padded Archer Armor
37:06 Double-Bit Axe
skelting
5:51 Loom
8:38 Feudal Age
21:23 Castle Age
19:38 Forging
20:01 Scale Barding Armor
21:05 Double-Bit Axe
21:04 Horse Collar
22:04 Fletching
22:51 Bow Saw
23:02 Bodkin Arrow
27:11 Ballistics
27:04 Padded Archer Armor
28:14 Bloodlines
40:36 Wheelbarrow
Connection lost

Rejoining the realm…

Still unreachable

The connection could not be restored.

Session expired

The server has moved on; the page needs a fresh start.